 Dungeon Crawl Stone Soup version 0.30-a0-996-ga6910c8ee8 (webtiles) character file.

Game seed: 9928560478097070980

17 Zeldest the Caller (level 3, -2/28 HPs)
             Began as a Meteoran Summoner on Apr 4, 2023.
             Slain by an adder (4 damage)
             ... on level 2 of the Dungeon.
             The game lasted 00:02:11 (285 turns).

Zeldest the Caller (Meteoran Summoner)               Turns: 285, Time: 00:02:11

Health: -2/28      AC:  2    Str: 10    XL:     3   Next: 2%
Magic:  6/8        EV: 12    Int: 18    God:
Gold:   33         SH:  0    Dex: 14    Spells: 7/8 levels left

rFire   . . .      SeeInvis .    f - +0 spear
rCold   . . .      Faith    .    (no shield)
rNeg    . . .      Spirit   .    a - +0 robe
rPois   .          Reflect  .    (no helmet)
rElec   .          Rampage  .    (no cloak)
rCorr   .                        (no gloves)
Will    .....                    (no boots)
Stlth   +                        (no amulet)
HPRegen 0.24/turn                (no ring)
MPRegen 0.11/turn                (no ring)

@: lethally poisoned (-2 -> -6), glowing
A: sense surroundings 1, otherworldly, glowing, explore regen
a: no special abilities


You were on level 2 of the Dungeon.
You visited 1 branch of the dungeon, and saw 2 of its levels.

You collected 33 gold pieces.

Inventory:

Hand Weapons
 f - a +0 spear (weapon)
Armour
 a - a +0 robe (worn)
Scrolls
 c - a scroll of vulnerability {unknown}
 e - a scroll of enchant armour {unknown}
Potions
 b - a potion of magic


   Skills:
 + Level 1.0 Fighting
 + Level 0.0 Polearms
 - Level 2.4 Dodging
 - Level 1.4 Stealth
 + Level 3.0 Spellcasting
 * Level 5.3 Summonings


You had 7 spell levels left.
You knew the following spells:

 Your Spells              Type           Power      Damage    Failure   Level
a - Summon Small Mammal   Summ           84%        N/A       1%          1

Your spell library contained the following spells:

 Spells                   Type           Power      Damage    Failure   Level
 Call Imp                 Summ           21%        N/A       2%          2
 Call Canine Familiar     Summ           21%        N/A       5%          3
 Summon Guardian Golem    Hex/Summ       12%        N/A       16%         3
 Summon Lightning Spire   Summ/Air       12%        N/A       47%         4


Dungeon Overview and Level Annotations

Branches:
Dungeon (2/15) Zot: 914

Altars:


Innate Abilities, Weirdness & Mutations

You passively map a small area around you.
You are easily found by Zot.
You glow in the dark.
You regain HP and MP as you explore.


Message History

The adder bites your quokka.
Your quokka is poisoned.
The adder poisons your quokka!
Your quokka barely misses the adder.
Your rat barely misses the adder.
The frilled lizard barely misses your quokka.
The adder closely misses your quokka.
Your quokka misses the adder.
Reach: f) +0 spear
Press: ? - help, Dir - move target, f/p - adder
Aim: an adder (heavily wounded, ally target, about 58% to evade your +0 spear)
You could not reach far enough!
Your rat bites the adder.
The adder closely misses your quokka.
Your quokka barely misses the adder.
The frilled lizard barely misses your quokka.
Reach: f) +0 spear
Press: ? - help, Dir - move target, f/p - adder
Aim: an adder (severely wounded, ally target, about 58% to evade your +0 spear)
You could not reach far enough!
Your quokka dies!
Your quokka's corpse disappears in a puff of smoke!
Your rat closely misses the adder.
You barely miss the adder.
The adder is severely wounded.
The adder bites you.
* * * LOW HITPOINT WARNING * * *
You are poisoned.
The adder poisons you!
Your rat closely misses the adder.
The frilled lizard bites you.
* * * LOW HITPOINT WARNING * * *
The adder barely misses you.
You barely miss the adder.
The adder is severely wounded.
* * * LOW HITPOINT WARNING * * *
You feel sick.
Your rat closely misses the adder.
The adder bites you.
* * * LOW HITPOINT WARNING * * *
The frilled lizard barely misses you.
Okay, then.
* * * LOW HITPOINT WARNING * * *
You feel sick. The adder barely misses you.
Your rat bites the adder but does no damage.
The frilled lizard barely misses you. The adder bites you.
You die...

* . ..., ,* .#.. , *
* * ## #,* #..#* , *
*, , , ...##. ##..###
, , ......##.....# **
, ...........>.#*
.### * ,
.......r.....# ,.....
...#####Sl...###....#
* * #.@.........####
** ####.#####...... *
, #.# #.....##* ,
##.###.(....## ** *
#............#
#..###.).....#
#..##........# *
#..##.###.#..# ,
...... #....# #


You could see an adder (ally target), a frilled lizard and a friendly rat
(summoned).

Vanquished Creatures
  A ball python (D:1)
  2 bats (D:1)
  A goblin (D:1)
  2 quokkas
  A frilled lizard (D:1)
  A rat (D:1)
8 creatures vanquished.

Vanquished Creatures (collateral kills)
  A goblin (D:1)
  A hobgoblin (D:2)
  2 jackals (D:1)
  2 kobolds (D:1)
6 creatures vanquished.

Grand Total: 14 creatures vanquished

Notes
Turn   | Place    | Note
-------+----------+-------------------------------------------
     0 | D:1      | Zeldest the Meteoran Summoner began the quest for the Orb.
     0 | D:1      | Reached XP level 1. HP: 14/14 MP: 5/5
   125 | D:1      | Reached skill level 5 in Summonings
   125 | D:1      | Reached XP level 2. HP: 13/22 MP: 4/6
   276 | D:2      | Reached skill level 1 in Fighting
   276 | D:2      | Reached XP level 3. HP: 12/28 MP: 6/8
   285 | D:2      | Slain by an adder

Illustrated notes

Levels and vault maps discovered:
D:1:      noname_arrival_rooms_in_the_neighbourhood, layout_basic
D:2:      layout_loops_ring, minmay_cut_off, uniq_terence

Skill      XL: |  1  2 |
---------------+-------+-----
Summonings     | 5 |  5.3
Spellcasting   | 3 |  3.0
Fighting       | 1 |  1.0
Dodging        | |  2.4
Stealth        | |  1.4

Action                     || total
---------------------------++-------
  Melee: Unarmed           ||     9
         Dagger            ||    21
         Spear             ||     8
   Cast: Summon Small Mamm ||    20
 Armour: Robe              ||    18
  Dodge: Dodged            ||    45

Table legend: (Time is in decaauts)
 A = Elapsed time spent in this place.
 B = Non-inter-level travel time spent in this place.
 C = Inter-level travel time spent in this place.
 D = Time resting spent in this place.
 E = Time spent auto-exploring this place.
 F = Levels seen in this place.
 G = Mean time per level.
                   A        B        C        D        E       F      G
               +--------+--------+--------+--------+--------+-----+--------+
         Total |    284 |    284 |      0 |      0 |      0 |   2 |  142.0 |
       Dungeon |    284 |    284 |      0 |      0 |      0 |   2 |  142.0 |
               +--------+--------+--------+--------+--------+-----+--------+

Top non-repeatable levels by time:
     D:1: 230 daAuts
     D:2: 54 daAuts
